Sound Tigers vs Rampage

Created - March 16, 2024 at 20:11

Goals
1 2 3 T
Sound Tigers 0 2 0 2
Rampage 1 2 2 5
Shots
1 2 3 T
Sound Tigers 11 10 7 28
Rampage 5 13 11 29

1st period

1. Rampage , Pierre Engvall 9 (Dylan Blujus 24) at 2:37

Penalties :
Anthony Richard (San) for High sticking (Minor) at 0:21, Dylan Sikura (San) for Slashing (Minor) at 11:29, Rhett Gardner (BRI) for High sticking (Minor) at 15:38

2nd period

2. Rampage , Anthony Richard 21 (Joachim Blichfeld 35, Jeremy Lauzon 35) at 15:07 (PP)
3. Rampage , Jeremy Lauzon 13 (Ethan Bear 36) at 15:17
4. Sound Tigers , Jordan Greenway 43 (Jakub Galvas 11) at 18:12
5. Sound Tigers , Jordan Greenway 44 (Joe Labate 43, Oliver Kylington 47) at 19:11 (PP)

Penalties :
Casey Staum (BRI) for Interference (Minor) at 4:46, Nick Blankenburg (BRI) for Hooking (Minor) at 8:48, Casey Staum (BRI) for High sticking (Minor) at 14:41, Jordan Kyrou (San) for Holding (Minor) at 19:05

3rd period

6. Rampage , Jordan Kyrou 39 (Ethan Bear 37, Jeremy Lauzon 36) at 1:00
7. Rampage , Dominik Simon 32 (Jeremy Lauzon 37, Ethan Bear 38) at 9:22 (PP)

Penalties :
Dominik Simon (San) for Slashing (Minor) at 7:13, Nick Blankenburg (BRI) for Holding (Minor) at 8:45, Jordan Greenway (BRI) for Holding Stick (Minor) at 9:59, Rasmus Kupari (San) for Interference (Minor) at 15:21

Goalie Stats

Chris Driedger (BRI), 15 saves from 19 shots - (0.789), L, 3-5-0, 41:00 minutes
Sean Maguire (BRI), 9 saves from 10 shots - (0.900), 19:00 minutes
Jake Oettinger (San), 26 saves from 28 shots - (0.929), W, 31-16-1, 60:00 minutes

Players Stats for Sound Tigers

Player Name              G  A  P  +/- PIM S  H  SB GA TA FO     MP     PP MP  PK MP  
------------------------------------------------------------------------------------
Alex Belzile             0  0  0   0  0   0  0  1  1  0  0/0    16:01   3:37   0:00 
Austin Watson            0  0  0   0  0   4  1  0  1  0  1/1    17:39   3:58   0:00 
Brett Connolly           0  0  0  -2  0   1  1  0  0  0  0/0    10:22   0:01   0:00 
Casey Staum              0  0  0   0  4   0  1  1  0  0  0/0     9:45   0:00   0:00 
Filip Zadina             0  0  0  -2  0   1  1  0  0  0  0/0    11:04   0:00   0:43 
Garret Pilon             0  0  0   0  0   0  0  0  0  0  1/2     6:25   0:00   0:00 
Jakub Galvas             0  1  1  -1  0   0  4  0  0  0  0/0    20:44   3:15   3:33 
Joe Labate               0  1  1   0  0   2  1  2  1  1  17/35  23:13   3:58   5:07 
Jordan Greenway          2  0  2   0  2   9  0  1  2  0  2/4    22:43   3:58   4:04 
Nick Blankenburg         0  0  0  -1  4   0  2  1  0  1  0/0    19:59   3:14   2:49 
Noah Cates               0  0  0   0  0   1  1  0  0  1  0/1     8:06   0:00   1:41 
Oliver Kylington         0  1  1  -1  0   6  2  5  0  0  0/0    29:29   4:20   4:59 
Pavel Kraskovsky         0  0  0   0  0   0  3  2  0  0  7/16   19:30   3:37   3:28 
Rhett Gardner            0  0  0  -2  2   1  1  0  0  0  0/2    11:12   0:00   0:18 
Ross Colton              0  0  0   0  0   0  0  0  0  0  0/0     6:25   0:00   0:00 
Simon Benoit             0  0  0   0  0   0  0  1  0  1  0/0    10:31   0:00   0:44 
Slater Koekkoek          0  0  0  -1  0   2  1  9  0  1  0/0    29:29   4:20   4:59 
Tyrell Goulbourne        0  0  0   0  0   1  2  1  1  0  0/1    18:18   3:36   1:43 

Players Stats for Rampage

Player Name              G  A  P  +/- PIM S  H  SB GA TA FO     MP     PP MP  PK MP  
------------------------------------------------------------------------------------
Anthony Richard          1  0  1   2  2   3  0  0  0  0  12/24  18:37   3:39   0:19 
Artturi Lehkonen         0  0  0   0  0   2  1  0  1  0  0/0    12:29   0:00   1:32 
Dominik Simon            1  0  1   1  2   4  2  0  0  0  2/3    19:38   4:53   0:26 
Dylan Blujus             0  1  1   0  0   0  1  3  0  0  0/0    18:24   0:10   3:01 
Dylan Sikura             0  0  0   0  2   3  1  1  0  0  0/1    13:21   0:00   1:48 
Emil Bemstrom            0  0  0   0  0   2  1  0  0  0  0/0     7:34   0:00   0:00 
Ethan Bear               0  3  3   2  0   1  0  0  0  0  0/0    28:34   5:08   3:51 
Frederic Allard          0  0  0   0  0   2  0  1  0  0  0/0    10:26   0:00   1:07 
Jeremy Lauzon            1  3  4   2  0   1  3  0  2  1  0/0    26:25   5:18   2:33 
Joachim Blichfeld        0  1  1   1  0   2  0  0  0  2  0/0    17:54   3:39   0:00 
Jordan Kyrou             1  0  1   0  2   2  1  0  2  0  2/2    14:50   4:40   0:00 
Matt Roy                 0  0  0   0  0   0  1  3  0  0  0/0    15:39   3:14   0:42 
Paul Cotter              0  0  0   0  0   1  2  0  0  0  0/0     7:31   0:00   0:13 
Pierre Engvall           1  0  1   1  0   1  1  0  0  2  1/1    18:41   3:39   4:15 
Rasmus Kupari            0  0  0   0  2   3  0  1  0  0  3/8    11:16   4:44   0:00 
Sami Niku                0  0  0   0  0   2  0  0  0  1  0/0    20:32   3:14   3:56 
Trent Frederic           0  0  0   1  0   0  1  1  0  0  7/10   15:44   0:12   4:10 
Zach Stepan              0  0  0   0  0   0  4  0  0  0  7/13   14:18   0:10   2:27 

3 Stars

1 - Jeremy Lauzon (San)
2 - Ethan Bear (San)
3 - Pierre Engvall (San)

Power Play

Sound Tigers - 1 on 5 Attempt(s) - 20.00%
Rampage - 2 on 6 Attempt(s) - 33.33%

Penalty Kill

Sound Tigers - 4 on 6 Attempt(s) - 66.67% - Score 0 goal in Penalty Kill
Rampage - 4 on 5 Attempt(s) - 80.00% - Score 0 goal in Penalty Kill

Team Stat

Sound Tigers - Hits : 21 - Faceoff Wins : 28 - Blocked Shots : 24 - Penalty Minutes : 12
Rampage - Hits : 19 - Faceoff Wins : 34 - Blocked Shots : 10 - Penalty Minutes : 10

Official

Referees : Kendrick Nicholson and Beaudry Halkidis
Linesman : Andrew Smith and Scott Cherrey

Game Notes

Sean Maguire enters game at 1:00 of 3rd period

Finance

Level 1 -- Attendance: 1993 (99.65%) -- Ticket Income $139,510
Level 2 -- Attendance: 908 (90.80%) -- Ticket Income $36,320
Total Attendance: 2901 (96.70%)
Total Ticket Income: $175,830
Other Income: $8,792
Total Income: $184,622

Sound Tigers

5 vs 5 Forward 
   Center                   Left Wing                Right Wing               Time % Phy DF OF 
 1 Joe Labate               Jordan Greenway          Austin Watson            40     1   2  2  
 2 Pavel Kraskovsky         Tyrell Goulbourne        Alex Belzile             30     1   2  2  
 3 Rhett Gardner            Filip Zadina             Brett Connolly           20     1   2  2  
 4 Garret Pilon             Noah Cates               Ross Colton              10     1   2  2  

5 vs 5 Defense 
   Defense                  Defense                                           Time % Phy DF OF 
 1 Oliver Kylington         Slater Koekkoek                                   40     1   2  2  
 2 Nick Blankenburg         Jakub Galvas                                      30     1   2  2  
 3 Simon Benoit             Casey Staum                                       20     1   2  2  
 4 Oliver Kylington         Slater Koekkoek                                   10     1   2  2  

PowerPlay Forward 
   Center                   Left Wing                Right Wing               Time % Phy DF OF 
 1 Joe Labate               Jordan Greenway          Austin Watson            60     1   2  2  
 2 Pavel Kraskovsky         Tyrell Goulbourne        Alex Belzile             40     1   2  2  

PowerPlay Defense
   Defense                  Defense                                           Time % Phy DF OF 
 1 Oliver Kylington         Slater Koekkoek                                   60     1   2  2  
 2 Nick Blankenburg         Jakub Galvas                                      40     1   2  2  

Penalty Kill 4 Players Forward 
   Center                   Wing                     Time % Phy DF OF 
 1 Joe Labate               Jordan Greenway          60     1   2  2  
 2 Pavel Kraskovsky         Tyrell Goulbourne        40     1   2  2  

Penalty Kill 4 Players Defense
   Defense                  Defense                  Time % Phy DF OF 
 1 Oliver Kylington         Slater Koekkoek          60     1   2  2  
 2 Nick Blankenburg         Jakub Galvas             40     1   2  2  

Penalty Kill - 3 Players Forward 
   Forward                                           Time % Phy DF OF 
 1 Joe Labate                                        60     1   2  2  
 2 Pavel Kraskovsky                                  40     1   2  2  

Penalty Kill - 3 Players Defense
   Defense                  Defense                  Time % Phy DF OF 
 1 Oliver Kylington         Slater Koekkoek          60     1   2  2  
 2 Nick Blankenburg         Jakub Galvas             40     1   2  2  

4 vs 4 Forward 
   Center                   Wing                     Time % Phy DF OF 
 1 Joe Labate               Jordan Greenway          60     1   2  2  
 2 Pavel Kraskovsky         Tyrell Goulbourne        40     1   2  2  

4 vs 4 Defense
   Defense                  Defense                  Time % Phy DF OF 
 1 Oliver Kylington         Slater Koekkoek          60     1   2  2  
 2 Nick Blankenburg         Jakub Galvas             40     1   2  2  

Last Minutes Offensive
   Center                   Left Wing                Right Wing               Defense                  Defense                  
   Joe Labate               Jordan Greenway          Austin Watson            Oliver Kylington         Slater Koekkoek          

Last Minutes Defensive
   Center                   Left Wing                Right Wing               Defense                  Defense                  
   Joe Labate               Jordan Greenway          Austin Watson            Oliver Kylington         Slater Koekkoek          

Goaltenders
Starting : Chris Driedger           
Backup : Sean Maguire             

Extra Forwards
Normal : Pavel Kraskovsky, Brett Connolly, Ross Colton - PP : Pavel Kraskovsky, Brett Connolly - PK : Pavel Kraskovsky
Extra Defensemen
Normal : Jakub Galvas, Simon Benoit, Casey Staum - PP : Jakub Galvas - PK : Jakub Galvas, Simon Benoit
Penalty Shots
Jordan Greenway, Austin Watson, Alex Belzile, Joe Labate, Pavel Kraskovsky
Custom OT Lines Forwards
Jordan Greenway, Austin Watson, Alex Belzile, Joe Labate, Pavel Kraskovsky, Brett Connolly, Ross Colton, Rhett Gardner, Tyrell Goulbourne, Garret Pilon
Custom OT Lines Defensemen
Oliver Kylington, Slater Koekkoek, Nick Blankenburg, Jakub Galvas, Simon Benoit

Scratches
Alexander Yelesin (Healthy), Ben Thomson (Healthy), Connor Dewar (Healthy), Alex Steeves (Healthy), Cole Koepke (Healthy)

Rampage

5 vs 5 Forward 
   Center                   Left Wing                Right Wing               Time % Phy DF OF 
 1 Anthony Richard          Dominik Simon            Joachim Blichfeld        40     1   2  2  
 2 Zach Stepan              Pierre Engvall           Jordan Kyrou             30     1   2  2  
 3 Trent Frederic           Artturi Lehkonen         Dylan Sikura             20     1   2  2  
 4 Rasmus Kupari            Paul Cotter              Emil Bemstrom            10     1   2  2  

5 vs 5 Defense 
   Defense                  Defense                                           Time % Phy DF OF 
 1 Jeremy Lauzon            Ethan Bear                                        40     1   2  2  
 2 Dylan Blujus             Sami Niku                                         30     1   2  2  
 3 Frederic Allard          Matt Roy                                          20     1   2  2  
 4 Matt Roy                 Dylan Blujus                                      10     1   2  2  

PowerPlay Forward 
   Center                   Left Wing                Right Wing               Time % Phy DF OF 
 1 Rasmus Kupari            Dominik Simon            Jordan Kyrou             60     1   2  2  
 2 Anthony Richard          Pierre Engvall           Joachim Blichfeld        40     1   2  2  

PowerPlay Defense
   Defense                  Defense                                           Time % Phy DF OF 
 1 Ethan Bear               Jeremy Lauzon                                     60     1   2  2  
 2 Sami Niku                Matt Roy                                          40     1   2  2  

Penalty Kill 4 Players Forward 
   Center                   Wing                     Time % Phy DF OF 
 1 Trent Frederic           Pierre Engvall           60     1   2  2  
 2 Zach Stepan              Dylan Sikura             40     1   2  2  

Penalty Kill 4 Players Defense
   Defense                  Defense                  Time % Phy DF OF 
 1 Ethan Bear               Sami Niku                60     1   2  2  
 2 Dylan Blujus             Jeremy Lauzon            40     1   2  2  

Penalty Kill - 3 Players Forward 
   Forward                                           Time % Phy DF OF 
 1 Trent Frederic                                    60     1   2  2  
 2 Pierre Engvall                                    40     1   2  2  

Penalty Kill - 3 Players Defense
   Defense                  Defense                  Time % Phy DF OF 
 1 Sami Niku                Dylan Blujus             60     1   2  2  
 2 Jeremy Lauzon            Ethan Bear               40     1   2  2  

4 vs 4 Forward 
   Center                   Wing                     Time % Phy DF OF 
 1 Rasmus Kupari            Dominik Simon            60     1   2  2  
 2 Zach Stepan              Pierre Engvall           40     1   2  2  

4 vs 4 Defense
   Defense                  Defense                  Time % Phy DF OF 
 1 Matt Roy                 Ethan Bear               60     1   2  2  
 2 Dylan Blujus             Jeremy Lauzon            40     1   2  2  

Last Minutes Offensive
   Center                   Left Wing                Right Wing               Defense                  Defense                  
   Rasmus Kupari            Dominik Simon            Joachim Blichfeld        Jeremy Lauzon            Ethan Bear               

Last Minutes Defensive
   Center                   Left Wing                Right Wing               Defense                  Defense                  
   Trent Frederic           Pierre Engvall           Dylan Sikura             Ethan Bear               Sami Niku                

Goaltenders
Starting : Jake Oettinger           
Backup : Magnus Hellberg          

Extra Forwards
Normal : Dominik Simon, Dylan Sikura, Zach Stepan - PP : Trent Frederic, Jordan Kyrou - PK : Artturi Lehkonen
Extra Defensemen
Normal : Dylan Blujus, Ethan Bear, Sami Niku - PP : Matt Roy - PK : Frederic Allard, Matt Roy
Penalty Shots
Jordan Kyrou, Rasmus Kupari, Anthony Richard, Joachim Blichfeld, Dylan Sikura
Custom OT Lines Forwards
Dominik Simon, Pierre Engvall, Rasmus Kupari, Jordan Kyrou, Dylan Sikura, Anthony Richard, Joachim Blichfeld, Zach Stepan, Artturi Lehkonen, Paul Cotter
Custom OT Lines Defensemen
Ethan Bear, Dylan Blujus, Jeremy Lauzon, Matt Roy, Sami Niku

Scratches
Nathan Smith (Healthy), Henri Jokiharju (Healthy), Calen Addison (Healthy), Rourke Chartier (Broken Bone (Left Ankle) Injury), Warren Foegele (Healthy)
Grigori Denisenko (Healthy), Trey Fix-Wolansky (Healthy), Emil Larmi (Healthy)

% Time on Ice - Sound Tigers

Lines # - Real PCT - Wanted PCT - Time Play
Normal Forward
1 - 33% - 40% - 14:15
2 - 29% - 30% - 12:25
3 - 24% - 20% - 10:21
4 - 15% - 10% - 6:25
Normal Defense
1 - 39% - 40% - 16:47
2 - 32% - 30% - 13:57
3 - 23% - 20% - 9:47
4 - 7% - 10% - 2:55
PP Forward
1 - 52% - 60% - 3:58
2 - 48% - 40% - 3:37
PP Defense
1 - 57% - 60% - 4:20
2 - 43% - 40% - 3:15
PK Forward
1 - 80% - 60% - 6:52
2 - 20% - 40% - 1:40
PK Defense
1 - 54% - 60% - 4:39
2 - 46% - 40% - 3:53
PK3 Forward
1 - 0% - 60%
2 - 0% - 40%
PK3 Defense
1 - 0% - 60%
2 - 0% - 40%
44 Forward
1 - 100% - 60% - 0:27
2 - 0% - 40% - 0:00
44 Defense
1 - 100% - 60% - 0:27
2 - 0% - 40% - 0:00
Last Minute Offensive  - 0:00
Last Minute Defensive  - 0:00
Total
Forward - 60:00
Defense - 60:00

% Time on Ice - Rampage

Lines # - Real PCT - Wanted PCT - Time Play
Normal Forward
1 - 33% - 40% - 14:31
2 - 25% - 30% - 10:40
3 - 25% - 20% - 10:57
4 - 17% - 10% - 7:18
Normal Defense
1 - 43% - 40% - 18:52
2 - 31% - 30% - 13:27
3 - 20% - 20% - 8:38
4 - 6% - 10% - 2:29
PP Forward
1 - 57% - 60% - 4:53
2 - 43% - 40% - 3:39
PP Defense
1 - 60% - 60% - 5:08
2 - 40% - 40% - 3:24
PK Forward
1 - 68% - 60% - 5:08
2 - 32% - 40% - 2:27
PK Defense
1 - 57% - 60% - 4:20
2 - 43% - 40% - 3:15
PK3 Forward
1 - 0% - 60%
2 - 0% - 40%
PK3 Defense
1 - 0% - 60%
2 - 0% - 40%
44 Forward
1 - 100% - 60% - 0:27
2 - 0% - 40% - 0:00
44 Defense
1 - 93% - 60% - 0:25
2 - 7% - 40% - 0:02
Last Minute Offensive  - 0:00
Last Minute Defensive  - 0:00
Total
Forward - 60:00
Defense - 60:00

Play-by-Play

1st period


0:01 of 1st period - Joe Labate wins face-off versus Anthony Richard in neutral zone.
0:21 of 1st period - Minor Penalty to Anthony Richard for High sticking.
0:22 of 1st period - Trent Frederic wins face-off versus Jordan Greenway in Rampage zone.
0:47 of 1st period - Oliver Kylington is hit by Zach Stepan and loses puck.
0:54 of 1st period - Snap shot by Slater Koekkoek.
0:54 of 1st period - Shot Misses the Net.
1:29 of 1st period - Icing by Pavel Kraskovsky.
1:30 of 1st period - Pierre Engvall wins face-off versus Pavel Kraskovsky in Sound Tigers zone.
2:21 of 1st period - Penalty to Anthony Richard is over, Anthony Richard is back on ice.
2:28 of 1st period - Dylan Blujus is hit by Nick Blankenburg and loses puck.
2:37 of 1st period - Wrist shot by Pierre Engvall.
2:37 of 1st period - Goal by Pierre Engvall - Sound Tigers : 0 - Rampage : 1.
2:38 of 1st period - Dominik Simon wins face-off versus Pavel Kraskovsky in neutral zone.
2:47 of 1st period - Snap shot by Pavel Kraskovsky.
2:47 of 1st period - Shot Misses the Net.
2:51 of 1st period - Snap shot by Pavel Kraskovsky.
2:51 of 1st period - Shot Misses the Net.
2:53 of 1st period - Slapshot by Slater Koekkoek.
2:53 of 1st period - Stopped by Jake Oettinger with a rebound.
3:05 of 1st period - Jordan Greenway is hit by Jordan Kyrou and loses puck.
4:29 of 1st period - Snap shot by Jordan Greenway.
4:29 of 1st period - Stopped by Jake Oettinger without a rebound.
4:30 of 1st period - Jordan Greenway wins face-off versus Zach Stepan in Rampage zone.
4:33 of 1st period - Wrist shot by Austin Watson.
4:33 of 1st period - Stopped by Jake Oettinger without a rebound.
4:34 of 1st period - Joe Labate wins face-off versus Zach Stepan in Rampage zone.
4:52 of 1st period - Off-side.
4:53 of 1st period - Pavel Kraskovsky wins face-off versus Dylan Sikura in neutral zone.
5:33 of 1st period - Snap shot by Dylan Sikura.
5:33 of 1st period - Shot Misses the Net.
5:35 of 1st period - Snap shot by Dylan Sikura.
5:35 of 1st period - Stopped by Chris Driedger with a rebound.
5:45 of 1st period - Wrist shot by Dylan Sikura.
5:45 of 1st period - Stopped by Chris Driedger without a rebound.
5:46 of 1st period - Anthony Richard wins face-off versus Joe Labate in Sound Tigers zone.
5:51 of 1st period - Snap shot by Joachim Blichfeld.
5:51 of 1st period - Stopped by Chris Driedger without a rebound.
5:52 of 1st period - Anthony Richard wins face-off versus Joe Labate in Sound Tigers zone.
5:53 of 1st period - Snap shot by Joachim Blichfeld.
5:53 of 1st period - Shot Blocked by Oliver Kylington.
5:59 of 1st period - Snap shot by Joe Labate.
5:59 of 1st period - Stopped by Jake Oettinger with a rebound.
6:01 of 1st period - Slapshot by Slater Koekkoek.
6:01 of 1st period - Shot Misses the Net.
6:03 of 1st period - Slapshot by Jordan Greenway.
6:03 of 1st period - Stopped by Jake Oettinger with a rebound.
6:05 of 1st period - Slapshot by Slater Koekkoek.
6:05 of 1st period - Shot Blocked by Matt Roy.
6:07 of 1st period - Wrist shot by Austin Watson.
6:07 of 1st period - Shot Blocked by Frederic Allard.
6:25 of 1st period - Slapshot by Oliver Kylington.
6:25 of 1st period - Deflect By Dominik Simon.
6:25 of 1st period - Stopped by Jake Oettinger with a rebound.
6:27 of 1st period - Wrist shot by Slater Koekkoek.
6:27 of 1st period - Shot Blocked by Matt Roy.
6:49 of 1st period - Pierre Engvall is hit by Jakub Galvas and loses puck.
7:45 of 1st period - Dylan Blujus is hit by Noah Cates and loses puck.
8:38 of 1st period - Austin Watson is hit by Dominik Simon and loses puck.
9:09 of 1st period - Icing by Trent Frederic.
9:10 of 1st period - Zach Stepan wins face-off versus Pavel Kraskovsky in Rampage zone.
9:45 of 1st period - Snap shot by Jordan Greenway.
9:45 of 1st period - Stopped by Jake Oettinger with a rebound.
9:47 of 1st period - Snap shot by Austin Watson.
9:47 of 1st period - Shot Blocked by Dylan Blujus.
10:18 of 1st period - Slapshot by Ross Colton.
10:18 of 1st period - Shot Misses the Net.
10:20 of 1st period - Snap shot by Oliver Kylington.
10:20 of 1st period - Stopped by Jake Oettinger with a rebound.
10:22 of 1st period - Slapshot by Slater Koekkoek.
10:22 of 1st period - Shot Blocked by Dylan Blujus.
10:24 of 1st period - Slapshot by Oliver Kylington.
10:24 of 1st period - Stopped by Jake Oettinger with a rebound.
10:26 of 1st period - Slapshot by Noah Cates.
10:26 of 1st period - Stopped by Jake Oettinger with a rebound.
10:44 of 1st period - Wrist shot by Austin Watson.
10:44 of 1st period - Shot Misses the Net.
10:46 of 1st period - Slapshot by Jordan Greenway.
10:46 of 1st period - Shot Misses the Net.
11:29 of 1st period - Minor Penalty to Dylan Sikura for Slashing.
11:30 of 1st period - Trent Frederic wins face-off versus Joe Labate in Rampage zone.
13:29 of 1st period - Penalty to Dylan Sikura is over, Dylan Sikura is back on ice.
13:29 of 1st period - Ethan Bear is hit by Jakub Galvas and loses puck.
13:44 of 1st period - Rhett Gardner is hit by Paul Cotter and loses puck.
14:18 of 1st period - Sami Niku is hit by Casey Staum.
14:36 of 1st period - Oliver Kylington is hit by Emil Bemstrom and loses puck.
14:57 of 1st period - Snap shot by Anthony Richard.
14:57 of 1st period - Stopped by Chris Driedger without a rebound.
14:58 of 1st period - Anthony Richard wins face-off versus Joe Labate in Sound Tigers zone.
15:21 of 1st period - Dylan Blujus is hit by Brett Connolly and loses puck.
15:28 of 1st period - Snap shot by Filip Zadina.
15:28 of 1st period - Stopped by Jake Oettinger with a rebound.
15:38 of 1st period - Minor Penalty to Rhett Gardner for High sticking.
15:39 of 1st period - Joe Labate wins face-off versus Rasmus Kupari in Sound Tigers zone.
16:34 of 1st period - Tyrell Goulbourne is hit by Matt Roy.
17:00 of 1st period - Dominik Simon is hit by Oliver Kylington and loses puck.
17:31 of 1st period - Dominik Simon is hit by Tyrell Goulbourne and loses puck.
17:38 of 1st period - Penalty to Rhett Gardner is over, Rhett Gardner is back on ice.
17:41 of 1st period - Icing by Dominik Simon.
17:42 of 1st period - Trent Frederic wins face-off versus Rhett Gardner in Rampage zone.
18:15 of 1st period - Snap shot by Filip Zadina.
18:15 of 1st period - Deflect By Emil Bemstrom.
18:15 of 1st period - Shot Misses the Net.
18:15 of 1st period - Puck is out of play.
18:16 of 1st period - Anthony Richard wins face-off versus Pavel Kraskovsky in Rampage zone.
18:27 of 1st period - Snap shot by Dominik Simon.
18:27 of 1st period - Shot Misses the Net.
18:29 of 1st period - Snap shot by Dominik Simon.
18:29 of 1st period - Shot Blocked by Slater Koekkoek.
19:07 of 1st period - Austin Watson is hit by Dylan Sikura and loses puck.
Goals for this period are 0 for Sound Tigers vs 1 for Rampage.
Shots for this period are 11 for Sound Tigers vs 5 for Rampage.

2nd period


0:01 of 2nd period - Joe Labate wins face-off versus Dominik Simon in neutral zone.
0:55 of 2nd period - Snap shot by Artturi Lehkonen.
0:55 of 2nd period - Stopped by Chris Driedger without a rebound.
0:56 of 2nd period - Anthony Richard wins face-off versus Joe Labate in Sound Tigers zone.
0:57 of 2nd period - Slapshot by Dominik Simon.
0:57 of 2nd period - Stopped by Chris Driedger with a rebound.
0:59 of 2nd period - Backhand shot by Frederic Allard.
0:59 of 2nd period - Stopped by Chris Driedger with a rebound.
1:07 of 2nd period - Slapshot by Joachim Blichfeld.
1:07 of 2nd period - Shot Misses the Net.
1:23 of 2nd period - Snap shot by Artturi Lehkonen.
1:23 of 2nd period - Deflect By Tyrell Goulbourne.
1:23 of 2nd period - Stopped by Chris Driedger without a rebound.
1:24 of 2nd period - Trent Frederic wins face-off versus Tyrell Goulbourne in Sound Tigers zone.
1:27 of 2nd period - Wrist shot by Artturi Lehkonen.
1:27 of 2nd period - Shot Misses the Net.
1:29 of 2nd period - Wrist shot by Dylan Sikura.
1:29 of 2nd period - Shot Blocked by Tyrell Goulbourne.
1:31 of 2nd period - Slapshot by Jeremy Lauzon.
1:31 of 2nd period - Deflect By Dylan Sikura.
1:31 of 2nd period - Shot Blocked by Pavel Kraskovsky.
1:31 of 2nd period - Puck is out of play.
1:32 of 2nd period - Dominik Simon wins face-off versus Joe Labate in Sound Tigers zone.
1:45 of 2nd period - Snap shot by Dominik Simon.
1:45 of 2nd period - Stopped by Chris Driedger without a rebound.
1:46 of 2nd period - Zach Stepan wins face-off versus Joe Labate in Sound Tigers zone.
1:54 of 2nd period - Off-side.
1:55 of 2nd period - Joe Labate wins face-off versus Zach Stepan in neutral zone.
2:15 of 2nd period - Off-side.
2:16 of 2nd period - Anthony Richard wins face-off versus Pavel Kraskovsky in neutral zone.
2:30 of 2nd period - Snap shot by Joachim Blichfeld.
2:30 of 2nd period - Shot Blocked by Pavel Kraskovsky.
2:42 of 2nd period - Nick Blankenburg is hit by Zach Stepan.
2:52 of 2nd period - Wrist shot by Joe Labate.
2:52 of 2nd period - Stopped by Jake Oettinger without a rebound.
2:53 of 2nd period - Pavel Kraskovsky wins face-off versus Zach Stepan in Rampage zone.
4:28 of 2nd period - Jordan Kyrou is hit by Pavel Kraskovsky and loses puck.
4:46 of 2nd period - Minor Penalty to Casey Staum for Interference.
4:47 of 2nd period - Joe Labate wins face-off versus Rasmus Kupari in Sound Tigers zone.
4:59 of 2nd period - Backhand shot by Jordan Greenway.
4:59 of 2nd period - Shot Misses the Net.
5:01 of 2nd period - Slapshot by Slater Koekkoek.
5:01 of 2nd period - Deflect By Jordan Greenway.
5:01 of 2nd period - Shot Misses the Net.
5:01 of 2nd period - Puck is out of play.
5:02 of 2nd period - Joe Labate wins face-off versus Rasmus Kupari in Rampage zone.
6:46 of 2nd period - Penalty to Casey Staum is over, Casey Staum is back on ice.
7:18 of 2nd period - Wrist shot by Emil Bemstrom.
7:18 of 2nd period - Stopped by Chris Driedger without a rebound.
7:19 of 2nd period - Zach Stepan wins face-off versus Pavel Kraskovsky in Sound Tigers zone.
7:20 of 2nd period - Snap shot by Emil Bemstrom.
7:20 of 2nd period - Deflect By Zach Stepan.
7:20 of 2nd period - Shot Blocked by Oliver Kylington.
7:20 of 2nd period - Puck is out of play.
7:21 of 2nd period - Pavel Kraskovsky wins face-off versus Zach Stepan in Sound Tigers zone.
7:21 of 2nd period - Pavel Kraskovsky is hit by Paul Cotter.
7:37 of 2nd period - Wrist shot by Emil Bemstrom.
7:37 of 2nd period - Stopped by Chris Driedger with a rebound.
7:57 of 2nd period - Emil Bemstrom is hit by Pavel Kraskovsky and loses puck.
8:16 of 2nd period - Slapshot by Tyrell Goulbourne.
8:16 of 2nd period - Shot Misses the Net.
8:32 of 2nd period - Slapshot by Pavel Kraskovsky.
8:32 of 2nd period - Shot Blocked by Matt Roy.
8:34 of 2nd period - Snap shot by Tyrell Goulbourne.
8:34 of 2nd period - Stopped by Jake Oettinger without a rebound.
8:35 of 2nd period - Joe Labate wins face-off versus Anthony Richard in Rampage zone.
8:36 of 2nd period - Snap shot by Jordan Greenway.
8:36 of 2nd period - Stopped by Jake Oettinger without a rebound.
8:37 of 2nd period - Anthony Richard wins face-off versus Joe Labate in Rampage zone.
8:46 of 2nd period - Snap shot by Dominik Simon.
8:46 of 2nd period - Shot Blocked by Joe Labate.
8:48 of 2nd period - Minor Penalty to Nick Blankenburg for Hooking.
8:49 of 2nd period - Jordan Kyrou wins face-off versus Joe Labate in Sound Tigers zone.
8:50 of 2nd period - Snap shot by Dominik Simon.
8:50 of 2nd period - Deflect By Rasmus Kupari.
8:50 of 2nd period - Stopped by Chris Driedger without a rebound.
8:51 of 2nd period - Joe Labate wins face-off versus Rasmus Kupari in Sound Tigers zone.
9:24 of 2nd period - Slapshot by Anthony Richard.
9:24 of 2nd period - Shot Blocked by Slater Koekkoek.
9:26 of 2nd period - Slapshot by Jeremy Lauzon.
9:26 of 2nd period - Shot Blocked by Slater Koekkoek.
10:48 of 2nd period - Penalty to Nick Blankenburg is over, Nick Blankenburg is back on ice.
11:01 of 2nd period - Sami Niku is hit by Rhett Gardner and loses puck.
11:18 of 2nd period - Jakub Galvas is hit by Trent Frederic and loses puck.
11:29 of 2nd period - Snap shot by Filip Zadina.
11:29 of 2nd period - Shot Misses the Net.
11:31 of 2nd period - Wrist shot by Simon Benoit.
11:31 of 2nd period - Shot Blocked by Trent Frederic.
11:39 of 2nd period - Wrist shot by Filip Zadina.
11:39 of 2nd period - Shot Misses the Net.
11:41 of 2nd period - Snap shot by Oliver Kylington.
11:41 of 2nd period - Shot Misses the Net.
11:59 of 2nd period - Snap shot by Artturi Lehkonen.
11:59 of 2nd period - Shot Misses the Net.
12:01 of 2nd period - Snap shot by Artturi Lehkonen.
12:01 of 2nd period - Shot Blocked by Slater Koekkoek.
12:03 of 2nd period - Snap shot by Dylan Blujus.
12:03 of 2nd period - Shot Misses the Net.
12:05 of 2nd period - Slapshot by Trent Frederic.
12:05 of 2nd period - Shot Misses the Net.
12:19 of 2nd period - Snap shot by Filip Zadina.
12:19 of 2nd period - Deflect By Brett Connolly.
12:19 of 2nd period - Stopped by Jake Oettinger with a rebound.
12:31 of 2nd period - Wrist shot by Artturi Lehkonen.
12:31 of 2nd period - Shot Misses the Net.
12:33 of 2nd period - Slapshot by Sami Niku.
12:33 of 2nd period - Stopped by Chris Driedger with a rebound.
12:35 of 2nd period - Snap shot by Trent Frederic.
12:35 of 2nd period - Shot Blocked by Slater Koekkoek.
12:47 of 2nd period - Snap shot by Dylan Sikura.
12:47 of 2nd period - Shot Blocked by Slater Koekkoek.
13:13 of 2nd period - Snap shot by Filip Zadina.
13:13 of 2nd period - Deflect By Rhett Gardner.
13:13 of 2nd period - Stopped by Jake Oettinger with a rebound.
13:15 of 2nd period - Snap shot by Filip Zadina.
13:15 of 2nd period - Shot Misses the Net.
13:23 of 2nd period - Slapshot by Dylan Blujus.
13:23 of 2nd period - Shot Blocked by Slater Koekkoek.
13:29 of 2nd period - Dylan Sikura is hit by Filip Zadina and loses puck.
13:33 of 2nd period - Icing by Dylan Sikura.
13:34 of 2nd period - Joe Labate wins face-off versus Trent Frederic in Rampage zone.
13:39 of 2nd period - Snap shot by Austin Watson.
13:39 of 2nd period - Stopped by Jake Oettinger with a rebound.
13:41 of 2nd period - Snap shot by Jordan Greenway.
13:41 of 2nd period - Stopped by Jake Oettinger without a rebound.
13:42 of 2nd period - Joe Labate wins face-off versus Anthony Richard in Rampage zone.
14:23 of 2nd period - Slapshot by Jeremy Lauzon.
14:23 of 2nd period - Deflect By Dominik Simon.
14:23 of 2nd period - Shot Misses the Net.
14:23 of 2nd period - Puck is out of play.
14:24 of 2nd period - Pavel Kraskovsky wins face-off versus Zach Stepan in Sound Tigers zone.
14:24 of 2nd period - Pavel Kraskovsky is hit by Pierre Engvall.
14:41 of 2nd period - Minor Penalty to Casey Staum for High sticking.
14:42 of 2nd period - Jordan Kyrou wins face-off versus Joe Labate in Sound Tigers zone.
15:07 of 2nd period - Snap shot by Joachim Blichfeld.
15:07 of 2nd period - Deflect By Anthony Richard.
15:07 of 2nd period - Goal by Anthony Richard - Sound Tigers : 0 - Rampage : 2.
15:08 of 2nd period - Joe Labate wins face-off versus Anthony Richard in neutral zone.
15:17 of 2nd period - Slapshot by Jeremy Lauzon.
15:17 of 2nd period - Deflect By Joe Labate.
15:17 of 2nd period - Goal by Jeremy Lauzon - Sound Tigers : 0 - Rampage : 3.
15:18 of 2nd period - Austin Watson wins face-off versus Anthony Richard in neutral zone.
16:08 of 2nd period - Icing by Matt Roy.
16:09 of 2nd period - Trent Frederic wins face-off versus Noah Cates in Rampage zone.
16:09 of 2nd period - Trent Frederic is hit by Jakub Galvas.
16:24 of 2nd period - Slapshot by Nick Blankenburg.
16:24 of 2nd period - Deflect By Ross Colton.
16:24 of 2nd period - Shot Misses the Net.
16:24 of 2nd period - Puck is out of play.
16:25 of 2nd period - Joe Labate wins face-off versus Anthony Richard in Rampage zone.
16:31 of 2nd period - Jeremy Lauzon is hit by Joe Labate and loses puck.
17:13 of 2nd period - Dylan Sikura is hit by Slater Koekkoek and loses puck.
17:42 of 2nd period - Slapshot by Joachim Blichfeld.
17:42 of 2nd period - Deflect By Dominik Simon.
17:42 of 2nd period - Deflect By Nick Blankenburg.
17:42 of 2nd period - Stopped by Chris Driedger with a rebound.
17:56 of 2nd period - Icing by Garret Pilon.
17:57 of 2nd period - Zach Stepan wins face-off versus Joe Labate in Sound Tigers zone.
18:08 of 2nd period - Wrist shot by Jordan Greenway.
18:08 of 2nd period - Stopped by Jake Oettinger with a rebound.
18:10 of 2nd period - Backhand shot by Jakub Galvas.
18:10 of 2nd period - Shot Misses the Net.
18:12 of 2nd period - Snap shot by Jordan Greenway.
18:12 of 2nd period - Goal by Jordan Greenway - Sound Tigers : 1 - Rampage : 3.
18:13 of 2nd period - Joe Labate wins face-off versus Anthony Richard in neutral zone.
18:16 of 2nd period - Dominik Simon is hit by Austin Watson and loses puck.
18:43 of 2nd period - Wrist shot by Jordan Kyrou.
18:43 of 2nd period - Stopped by Chris Driedger without a rebound.
18:44 of 2nd period - Zach Stepan wins face-off versus Jordan Greenway in Sound Tigers zone.
18:45 of 2nd period - Wrist shot by Jordan Kyrou.
18:45 of 2nd period - Shot Blocked by Jordan Greenway.
19:05 of 2nd period - Minor Penalty to Jordan Kyrou for Holding.
19:06 of 2nd period - Jordan Greenway wins face-off versus Trent Frederic in Rampage zone.
19:11 of 2nd period - Snap shot by Jordan Greenway.
19:11 of 2nd period - Goal by Jordan Greenway - Sound Tigers : 2 - Rampage : 3.
19:12 of 2nd period - Joe Labate wins face-off versus Anthony Richard in neutral zone.
19:38 of 2nd period - Alex Belzile is hit by Zach Stepan and loses puck.
Goals for this period are 2 for Sound Tigers vs 2 for Rampage.
Shots for this period are 10 for Sound Tigers vs 13 for Rampage.

3rd period


0:01 of 3rd period - Joe Labate wins face-off versus Anthony Richard in neutral zone.
0:10 of 3rd period - Slapshot by Oliver Kylington.
0:10 of 3rd period - Stopped by Jake Oettinger without a rebound.
0:11 of 3rd period - Anthony Richard wins face-off versus Joe Labate in Rampage zone.
0:22 of 3rd period - Wrist shot by Joachim Blichfeld.
0:22 of 3rd period - Shot Misses the Net.
0:38 of 3rd period - Ethan Bear is hit by Oliver Kylington and loses puck.
0:42 of 3rd period - Icing by Ethan Bear.
0:43 of 3rd period - Zach Stepan wins face-off versus Rhett Gardner in Rampage zone.
1:00 of 3rd period - Snap shot by Jordan Kyrou.
1:00 of 3rd period - Goal by Jordan Kyrou - Sound Tigers : 2 - Rampage : 4.
1:00 of 3rd period - Sean Maguire enters game.
1:01 of 3rd period - Anthony Richard wins face-off versus Joe Labate in neutral zone.
1:39 of 3rd period - Snap shot by Dylan Sikura.
1:39 of 3rd period - Stopped by Sean Maguire with a rebound.
1:41 of 3rd period - Wrist shot by Ethan Bear.
1:41 of 3rd period - Shot Misses the Net.
2:15 of 3rd period - Snap shot by Sami Niku.
2:15 of 3rd period - Stopped by Sean Maguire with a rebound.
2:17 of 3rd period - Slapshot by Paul Cotter.
2:17 of 3rd period - Stopped by Sean Maguire with a rebound.
2:19 of 3rd period - Slapshot by Sami Niku.
2:19 of 3rd period - Shot Blocked by Oliver Kylington.
2:21 of 3rd period - Backhand shot by Dylan Blujus.
2:21 of 3rd period - Shot Blocked by Slater Koekkoek.
2:50 of 3rd period - Icing by Oliver Kylington.
2:51 of 3rd period - Pavel Kraskovsky wins face-off versus Trent Frederic in Sound Tigers zone.
2:56 of 3rd period - Slapshot by Oliver Kylington.
2:56 of 3rd period - Shot Blocked by Dylan Sikura.
3:15 of 3rd period - Off-side.
3:16 of 3rd period - Anthony Richard wins face-off versus Joe Labate in neutral zone.
3:27 of 3rd period - Wrist shot by Austin Watson.
3:27 of 3rd period - Stopped by Jake Oettinger with a rebound.
3:29 of 3rd period - Slapshot by Jordan Greenway.
3:29 of 3rd period - Stopped by Jake Oettinger without a rebound.
3:30 of 3rd period - Anthony Richard wins face-off versus Joe Labate in Rampage zone.
3:59 of 3rd period - Slapshot by Pierre Engvall.
3:59 of 3rd period - Shot Blocked by Nick Blankenburg.
4:29 of 3rd period - Snap shot by Filip Zadina.
4:29 of 3rd period - Shot Hit the Post.
4:39 of 3rd period - Wrist shot by Artturi Lehkonen.
4:39 of 3rd period - Shot Blocked by Casey Staum.
4:41 of 3rd period - Slapshot by Frederic Allard.
4:41 of 3rd period - Stopped by Sean Maguire without a rebound.
4:42 of 3rd period - Rasmus Kupari wins face-off versus Garret Pilon in Sound Tigers zone.
4:55 of 3rd period - Slapshot by Jeremy Lauzon.
4:55 of 3rd period - Shot Blocked by Simon Benoit.
5:44 of 3rd period - Artturi Lehkonen is hit by Tyrell Goulbourne and loses puck.
6:27 of 3rd period - Slapshot by Ethan Bear.
6:27 of 3rd period - Shot Blocked by Joe Labate.
6:41 of 3rd period - Wrist shot by Rasmus Kupari.
6:41 of 3rd period - Stopped by Sean Maguire with a rebound.
6:43 of 3rd period - Backhand shot by Ethan Bear.
6:43 of 3rd period - Stopped by Sean Maguire without a rebound.
6:44 of 3rd period - Rasmus Kupari wins face-off versus Pavel Kraskovsky in Sound Tigers zone.
6:47 of 3rd period - Wrist shot by Rasmus Kupari.
6:47 of 3rd period - Stopped by Sean Maguire with a rebound.
7:13 of 3rd period - Minor Penalty to Dominik Simon for Slashing.
7:14 of 3rd period - Trent Frederic wins face-off versus Joe Labate in Rampage zone.
8:45 of 3rd period - Minor Penalty to Nick Blankenburg for Holding.
8:46 of 3rd period - Joe Labate wins face-off versus Rasmus Kupari in Sound Tigers zone.
9:13 of 3rd period - Penalty to Dominik Simon is over, Dominik Simon is back on ice.
9:22 of 3rd period - Wrist shot by Dominik Simon.
9:22 of 3rd period - Goal by Dominik Simon - Sound Tigers : 2 - Rampage : 5.
9:23 of 3rd period - Pavel Kraskovsky wins face-off versus Anthony Richard in neutral zone.
9:26 of 3rd period - Snap shot by Oliver Kylington.
9:26 of 3rd period - Shot Misses the Net.
9:28 of 3rd period - Snap shot by Slater Koekkoek.
9:28 of 3rd period - Stopped by Jake Oettinger without a rebound.
9:29 of 3rd period - Pavel Kraskovsky wins face-off versus Anthony Richard in Rampage zone.
9:59 of 3rd period - Minor Penalty to Jordan Greenway for Holding Stick.
10:00 of 3rd period - Rasmus Kupari wins face-off versus Joe Labate in Sound Tigers zone.
10:00 of 3rd period - Wrist shot by Jordan Kyrou.
10:00 of 3rd period - Shot Blocked by Oliver Kylington.
10:02 of 3rd period - Slapshot by Jordan Kyrou.
10:02 of 3rd period - Shot Blocked by Oliver Kylington.
10:04 of 3rd period - Backhand shot by Dominik Simon.
10:04 of 3rd period - Shot Misses the Net.
10:14 of 3rd period - Snap shot by Dominik Simon.
10:14 of 3rd period - Shot Misses the Net.
10:16 of 3rd period - Wrist shot by Rasmus Kupari.
10:16 of 3rd period - Shot Misses the Net.
10:34 of 3rd period - Snap shot by Joachim Blichfeld.
10:34 of 3rd period - Shot Misses the Net.
11:18 of 3rd period - Sami Niku is hit by Jakub Galvas.
11:59 of 3rd period - Penalty to Jordan Greenway is over, Jordan Greenway is back on ice.
12:02 of 3rd period - Rhett Gardner is hit by Dominik Simon and loses puck.
12:38 of 3rd period - Ross Colton is hit by Jeremy Lauzon and loses puck.
12:53 of 3rd period - Ethan Bear is hit by Pavel Kraskovsky.
12:59 of 3rd period - Alex Belzile is hit by Zach Stepan and loses puck.
13:53 of 3rd period - Brett Connolly is hit by Artturi Lehkonen.
14:26 of 3rd period - Sami Niku is hit by Nick Blankenburg and loses puck.
14:37 of 3rd period - Oliver Kylington is hit by Dylan Blujus and loses puck.
15:21 of 3rd period - Minor Penalty to Rasmus Kupari for Interference.
15:22 of 3rd period - Trent Frederic wins face-off versus Joe Labate in Rampage zone.
16:43 of 3rd period - Jakub Galvas is hit by Jeremy Lauzon and loses puck.
17:21 of 3rd period - Penalty to Rasmus Kupari is over, Rasmus Kupari is back on ice.
17:34 of 3rd period - Snap shot by Joachim Blichfeld.
17:34 of 3rd period - Stopped by Sean Maguire with a rebound.
17:36 of 3rd period - Wrist shot by Anthony Richard.
17:36 of 3rd period - Stopped by Sean Maguire without a rebound.
17:37 of 3rd period - Garret Pilon wins face-off versus Anthony Richard in Sound Tigers zone.
18:07 of 3rd period - Rhett Gardner is hit by Jeremy Lauzon and loses puck.
18:19 of 3rd period - Icing by Rasmus Kupari.
18:20 of 3rd period - Zach Stepan wins face-off versus Pavel Kraskovsky in Rampage zone.
18:56 of 3rd period - Wrist shot by Austin Watson.
18:56 of 3rd period - Stopped by Jake Oettinger with a rebound.
19:17 of 3rd period - Slapshot by Oliver Kylington.
19:17 of 3rd period - Shot Blocked by Dylan Blujus.
19:19 of 3rd period - Wrist shot by Jordan Greenway.
19:19 of 3rd period - Shot Blocked by Rasmus Kupari.
19:21 of 3rd period - Slapshot by Oliver Kylington.
19:21 of 3rd period - Stopped by Jake Oettinger with a rebound.
19:23 of 3rd period - Snap shot by Oliver Kylington.
19:23 of 3rd period - Stopped by Jake Oettinger without a rebound.
19:24 of 3rd period - Anthony Richard wins face-off versus Pavel Kraskovsky in Rampage zone.
19:39 of 3rd period - Wrist shot by Joachim Blichfeld.
19:39 of 3rd period - Shot Blocked by Alex Belzile.
19:41 of 3rd period - Slapshot by Ethan Bear.
19:41 of 3rd period - Shot Blocked by Slater Koekkoek.
Goals for this period are 0 for Sound Tigers vs 2 for Rampage.
Shots for this period are 7 for Sound Tigers vs 11 for Rampage. Output by the SimonT Hockey Simulator (STHS) for Francois Prevost - Original Page W3C HTML5 Valid
Hockey Simulator - Hockey Simulation - Hockey Manager